Canucks vs Penguins

Created - 23 septembre 2019 at 15:21

Simulating a Pre-Season

Goals
1 2 3 T
Canucks 0 1 2 3
Penguins 0 0 2 2
Shots
1 2 3 T
Canucks 8 13 17 38
Penguins 14 6 11 31

1st period

No Goal

Penalties :
Darnell Nurse (VAN) for Slashing (Minor) at 4:04, Sam Bennett (PIT) for Interference (Minor) at 9:25

2nd period

1. Canucks , Alex Killorn 1 (Brandon Sutter 1, Ryan Getzlaf 1) at 5:06

Penalties :
Matt Calvert (VAN) for Slashing (Minor) at 6:47, Markus Granlund (PIT) for Hooking (Minor) at 9:45, Erik Cernak (VAN) for Hooking (Minor) at 11:59

3rd period

2. Penguins , Auston Matthews 2 (Brent Burns 1, Mikael Granlund 2) at 0:29
3. Canucks , Mika Zibanejad 1 (Darnell Nurse 1, Blake Wheeler 2) at 1:03
4. Penguins , Mikael Granlund 3 (Brent Burns 2, Brian Boyle 1) at 1:17
5. Canucks , Derek Ryan 1 (Matt Calvert 1) at 15:48

Penalties :
Brent Burns (PIT) for Holding (Minor) at 5:20

Goalie Stats

Ben Bishop (VAN), 29 saves from 31 shots - (0,935), W, 1-1-0, 60:00 minutes
Tuukka Rask (PIT), 35 saves from 38 shots - (0,921), L, 1-1-0, 59:06 minutes

Players Stats for Canucks

Player Name              G  A  P  +/- PIM S  H  SB GA TA FO     MP     PP MP  PK MP  
------------------------------------------------------------------------------------
Alex Killorn             1  0  1   1  0   2  0  1  1  1  4/5    10:50   0:10   0:00 
Alex Tuch                0  0  0   0  0   1  2  0  0  1  0/0    15:57   2:34   0:00 
Alexander Petrovic       0  0  0   0  0   0  0  0  0  0  0/0     3:47   0:00   0:00 
Blake Wheeler            0  1  1  -1  0   6  2  0  1  0  1/1    23:39   3:13   3:11 
Brandon Sutter           0  1  1   1  0   1  1  1  0  0  0/0    10:50   0:10   0:00 
Brandon Tanev            0  0  0   1  0   3  3  0  1  0  0/1    10:50   0:10   0:00 
Charlie McAvoy           0  0  0   1  0   0  0  0  0  2  0/0    19:27   2:15   2:24 
Dan Hamhuis              0  0  0   0  0   0  0  1  0  1  0/0    11:09   0:00   1:02 
Darnell Nurse            0  1  1   0  2   1  2  2  0  0  0/0    24:29   3:42   2:07 
Derek Ryan               1  0  1   1  0   2  1  0  0  0  3/3     7:36   0:00   0:48 
Eric Gryba               0  0  0   0  0   0  1  1  0  0  0/0     5:17   0:00   0:24 
Erik Cernak              0  0  0   0  2   2  1  0  0  0  0/0    10:13   0:00   0:00 
Erik Johnson             0  0  0   0  0   0  0  1  0  0  0/0    26:39   3:42   3:33 
Gustav Nyquist           0  0  0  -1  0   2  2  0  0  0  1/2    21:56   3:13   1:58 
James van Riemsdyk       0  0  0   0  0   4  0  1  0  0  0/0    16:47   2:34   0:48 
Jordan Martinook         0  0  0   1  0   4  0  0  0  1  0/0     6:46   0:00   0:00 
Matt Calvert             0  1  1   1  2   0  0  0  0  0  0/0     6:47   0:00   0:00 
Mika Zibanejad           1  0  1  -1  0   6  1  0  1  0  18/38  23:39   3:13   3:11 
Oscar Klefbom            0  0  0   1  0   2  0  1  0  0  0/0    19:27   2:15   2:24 
Ryan Getzlaf             0  1  1   0  0   2  5  0  0  0  7/10   17:55   2:34   1:58 

Players Stats for Penguins

Player Name              G  A  P  +/- PIM S  H  SB GA TA FO     MP     PP MP  PK MP  
------------------------------------------------------------------------------------
Adam Lowry               0  0  0  -1  0   1  4  0  0  0  0/0    16:29   3:03   0:00 
Auston Matthews          1  0  1   1  0   3  0  0  2  0  16/28  25:37   2:35   3:29 
Brent Burns              0  2  2   1  2   2  0  1  1  2  0/0    26:21   4:06   1:53 
Brian Boyle              0  1  1   1  0   2  0  2  1  0  0/0    23:35   4:06   3:34 
Dmitry Orlov             0  0  0  -1  0   1  1  2  0  0  0/0    21:20   1:51   2:37 
Jesperi Kotkaniemi       0  0  0   0  0   0  0  0  0  0  0/0     1:51   0:19   0:14 
Joel Armia               0  0  0  -1  0   1  0  0  1  0  0/2    16:29   3:03   0:00 
Marcus Foligno           0  0  0   0  0   0  0  0  0  0  1/1     5:43   0:00   0:31 
Markus Granlund          0  0  0  -1  2   9  0  0  0  0  4/13   18:32   3:03   1:07 
Mikael Granlund          1  1  2   1  0   5  4  0  0  1  1/1    21:40   2:35   3:29 
Mikkel Boedker           0  0  0  -1  0   2  0  0  0  0  0/0    14:14   0:00   1:07 
Miro Heiskanen           0  0  0   0  0   0  1  0  0  0  0/0     3:41   0:00   0:00 
Niklas Kronwall          0  0  0  -1  0   0  1  2  0  0  0/0    13:05   0:00   1:27 
Patric Hornqvist         0  0  0   1  0   3  0  0  0  0  1/2    21:15   2:54   1:43 
Reid Boucher             0  0  0  -1  0   0  0  1  0  0  0/1    12:50   0:00   0:00 
Roman Polak              0  0  0  -1  0   1  4  1  1  1  0/0    21:20   1:51   2:37 
Sam Bennett              0  0  0   0  2   0  0  0  0  0  1/4     5:11   0:00   0:00 
Tim Schaller             0  0  0  -1  0   1  2  1  0  0  2/8    12:50   0:00   0:00 
Tyler Myers              0  0  0  -1  0   0  1  1  0  0  0/0    11:38   0:00   0:00 
Vladimir Sobotka         0  0  0   0  0   0  0  0  0  0  0/0     0:19   0:19   0:00 

3 Stars

1 - Mikael Granlund (PIT)
2 - Derek Ryan (VAN)
3 - Alex Killorn (VAN)

Power Play

Canucks - 0 on 3 Attempt(s) - 0,00%
Penguins - 0 on 3 Attempt(s) - 0,00%

Penalty Kill

Canucks - 3 on 3 Attempt(s) - 100,00% - Score 0 goal in Penalty Kill
Penguins - 3 on 3 Attempt(s) - 100,00% - Score 0 goal in Penalty Kill

Team Stat

Canucks - Hits : 21 - Faceoff Wins : 34 - Blocked Shots : 9 - Penalty Minutes : 6
Penguins - Hits : 18 - Faceoff Wins : 26 - Blocked Shots : 11 - Penalty Minutes : 6

Official

Referees : Kevin Pollock and TJ Luxmore
Linesman : Shandor Alphonso and Scott Cherrey

Game Notes

No Game Note

Canucks

5 vs 5 Forward 
   Center                   Left Wing                Right Wing               Time % Phy DF OF 
 1 Mika Zibanejad           Blake Wheeler            Gustav Nyquist           40     1   2  2  
 2 Ryan Getzlaf             James van Riemsdyk       Alex Tuch                30     1   2  2  
 3 Alex Killorn             Brandon Tanev            Brandon Sutter           20     1   2  2  
 4 Derek Ryan               Jordan Martinook         Matt Calvert             10     1   2  2  

5 vs 5 Defense 
   Defense                  Defense                                           Time % Phy DF OF 
 1 Darnell Nurse            Erik Johnson                                      40     1   2  2  
 2 Oscar Klefbom            Charlie McAvoy                                    30     1   2  2  
 3 Erik Cernak              Dan Hamhuis                                       20     1   2  2  
 4 Eric Gryba               Alexander Petrovic                                10     1   2  2  

PowerPlay Forward 
   Center                   Left Wing                Right Wing               Time % Phy DF OF 
 1 Mika Zibanejad           Blake Wheeler            Gustav Nyquist           60     1   2  2  
 2 Ryan Getzlaf             James van Riemsdyk       Alex Tuch                40     1   2  2  

PowerPlay Defense
   Defense                  Defense                                           Time % Phy DF OF 
 1 Darnell Nurse            Erik Johnson                                      60     1   2  2  
 2 Oscar Klefbom            Charlie McAvoy                                    40     1   2  2  

Penalty Kill 4 Players Forward 
   Center                   Wing                     Time % Phy DF OF 
 1 Mika Zibanejad           Blake Wheeler            60     1   2  2  
 2 Ryan Getzlaf             Gustav Nyquist           40     1   2  2  

Penalty Kill 4 Players Defense
   Defense                  Defense                  Time % Phy DF OF 
 1 Darnell Nurse            Erik Johnson             60     1   2  2  
 2 Oscar Klefbom            Charlie McAvoy           40     1   2  2  

Penalty Kill - 3 Players Forward 
   Forward                                           Time % Phy DF OF 
 1 Mika Zibanejad                                    60     1   2  2  
 2 Blake Wheeler                                     40     1   2  2  

Penalty Kill - 3 Players Defense
   Defense                  Defense                  Time % Phy DF OF 
 1 Darnell Nurse            Erik Johnson             60     1   2  2  
 2 Oscar Klefbom            Charlie McAvoy           40     1   2  2  

4 vs 4 Forward 
   Center                   Wing                     Time % Phy DF OF 
 1 Mika Zibanejad           Blake Wheeler            60     1   2  2  
 2 Ryan Getzlaf             Gustav Nyquist           40     1   2  2  

4 vs 4 Defense
   Defense                  Defense                  Time % Phy DF OF 
 1 Darnell Nurse            Erik Johnson             60     1   2  2  
 2 Oscar Klefbom            Charlie McAvoy           40     1   2  2  

Last Minutes Offensive
   Center                   Left Wing                Right Wing               Defense                  Defense                  
   Mika Zibanejad           Blake Wheeler            Gustav Nyquist           Darnell Nurse            Erik Johnson             

Last Minutes Defensive
   Center                   Left Wing                Right Wing               Defense                  Defense                  
   Mika Zibanejad           Blake Wheeler            Gustav Nyquist           Darnell Nurse            Erik Johnson             

Goaltenders
Starting : Ben Bishop               
Backup : Jordan Binnington        

Extra Forwards
Normal : Alex Killorn, Brandon Sutter, Derek Ryan - PP : Alex Killorn, Brandon Sutter - PK : Derek Ryan
Extra Defensemen
Normal : Erik Cernak, Dan Hamhuis, Eric Gryba - PP : Erik Cernak - PK : Dan Hamhuis, Eric Gryba
Penalty Shots
Mika Zibanejad, Blake Wheeler, Ryan Getzlaf, Gustav Nyquist, James van Riemsdyk
Custom OT Lines Forwards
Mika Zibanejad, Blake Wheeler, Ryan Getzlaf, Gustav Nyquist, James van Riemsdyk, Alex Tuch, Alex Killorn, Brandon Sutter, Derek Ryan, Brandon Tanev
Custom OT Lines Defensemen
Darnell Nurse, Erik Johnson, Oscar Klefbom, Charlie McAvoy, Erik Cernak

Scratches
Chris Thorburn (Healthy)

Penguins

5 vs 5 Forward 
   Center                   Left Wing                Right Wing               Time % Phy DF OF 
 1 Auston Matthews          Mikael Granlund          Patric Hornqvist         40     1   2  2  
 2 Markus Granlund          Adam Lowry               Joel Armia               30     1   2  2  
 3 Tim Schaller             Mikkel Boedker           Reid Boucher             20     1   2  2  
 4 Sam Bennett              Marcus Foligno           Auston Matthews          10     1   2  2  

5 vs 5 Defense 
   Defense                  Defense                                           Time % Phy DF OF 
 1 Brent Burns              Brian Boyle                                       40     1   2  2  
 2 Roman Polak              Dmitry Orlov                                      30     1   2  2  
 3 Tyler Myers              Niklas Kronwall                                   20     1   2  2  
 4 Miro Heiskanen           Brent Burns                                       10     1   2  2  

PowerPlay Forward 
   Center                   Left Wing                Right Wing               Time % Phy DF OF 
 1 Auston Matthews          Mikael Granlund          Patric Hornqvist         60     1   2  2  
 2 Markus Granlund          Adam Lowry               Joel Armia               40     1   2  2  

PowerPlay Defense
   Defense                  Defense                                           Time % Phy DF OF 
 1 Brent Burns              Brian Boyle                                       60     1   2  2  
 2 Roman Polak              Dmitry Orlov                                      40     1   2  2  

Penalty Kill 4 Players Forward 
   Center                   Wing                     Time % Phy DF OF 
 1 Auston Matthews          Mikael Granlund          60     1   2  2  
 2 Patric Hornqvist         Markus Granlund          40     1   2  2  

Penalty Kill 4 Players Defense
   Defense                  Defense                  Time % Phy DF OF 
 1 Brent Burns              Brian Boyle              60     1   2  2  
 2 Roman Polak              Dmitry Orlov             40     1   2  2  

Penalty Kill - 3 Players Forward 
   Forward                                           Time % Phy DF OF 
 1 Auston Matthews                                   60     1   2  2  
 2 Mikael Granlund                                   40     1   2  2  

Penalty Kill - 3 Players Defense
   Defense                  Defense                  Time % Phy DF OF 
 1 Brent Burns              Brian Boyle              60     1   2  2  
 2 Roman Polak              Dmitry Orlov             40     1   2  2  

4 vs 4 Forward 
   Center                   Wing                     Time % Phy DF OF 
 1 Auston Matthews          Mikael Granlund          60     1   2  2  
 2 Patric Hornqvist         Markus Granlund          40     1   2  2  

4 vs 4 Defense
   Defense                  Defense                  Time % Phy DF OF 
 1 Brent Burns              Brian Boyle              60     1   2  2  
 2 Roman Polak              Dmitry Orlov             40     1   2  2  

Last Minutes Offensive
   Center                   Left Wing                Right Wing               Defense                  Defense                  
   Auston Matthews          Mikael Granlund          Patric Hornqvist         Brent Burns              Brian Boyle              

Last Minutes Defensive
   Center                   Left Wing                Right Wing               Defense                  Defense                  
   Auston Matthews          Mikael Granlund          Patric Hornqvist         Brent Burns              Brian Boyle              

Goaltenders
Starting : Tuukka Rask              
Backup : Jack Campbell            

Extra Forwards
Normal : Jesperi Kotkaniemi, Vladimir Sobotka, Mikkel Boedker - PP : Jesperi Kotkaniemi, Vladimir Sobotka - PK : Mikkel Boedker
Extra Defensemen
Normal : Tyler Myers, Niklas Kronwall, Tim Schaller - PP : Tyler Myers - PK : Niklas Kronwall, Tim Schaller
Penalty Shots
Brent Burns, Auston Matthews, Brian Boyle, Mikael Granlund, Patric Hornqvist
Custom OT Lines Forwards
Brent Burns, Auston Matthews, Brian Boyle, Mikael Granlund, Patric Hornqvist, Markus Granlund, Adam Lowry, Joel Armia, Mikkel Boedker, Tim Schaller
Custom OT Lines Defensemen
Brent Burns, Brian Boyle, Roman Polak, Dmitry Orlov, Tyler Myers

Scratches
None


% Time on Ice - Canucks

Lines # - Real PCT - Wanted PCT - Time Play
Normal Forward
1 - 35% - 40% - 16:30
2 - 28% - 30% - 13:23
3 - 22% - 20% - 10:31
4 - 14% - 10% - 6:46
Normal Defense
1 - 41% - 40% - 19:21
2 - 31% - 30% - 14:48
3 - 20% - 20% - 9:14
4 - 8% - 10% - 3:47
PP Forward
1 - 57% - 60% - 3:23
2 - 43% - 40% - 2:34
PP Defense
1 - 62% - 60% - 3:42
2 - 38% - 40% - 2:15
PK Forward
1 - 67% - 60% - 3:59
2 - 33% - 40% - 1:58
PK Defense
1 - 60% - 60% - 3:33
2 - 40% - 40% - 2:24
PK3 Forward
1 - 0% - 60%
2 - 0% - 40%
PK3 Defense
1 - 0% - 60%
2 - 0% - 40%
44 Forward
1 - 0% - 60%
2 - 0% - 40%
44 Defense
1 - 0% - 60%
2 - 0% - 40%
Last Minute Offensive  - 0:00
Last Minute Defensive  - 0:56
Total
Forward - 60:00
Defense - 60:00

% Time on Ice - Penguins

Lines # - Real PCT - Wanted PCT - Time Play
Normal Forward
1 - 31% - 40% - 14:27
2 - 31% - 30% - 14:28
3 - 27% - 20% - 12:50
4 - 11% - 10% - 5:10
Normal Defense
1 - 32% - 40% - 15:01
2 - 36% - 30% - 16:52
3 - 24% - 20% - 11:21
4 - 8% - 10% - 3:41
PP Forward
1 - 49% - 60% - 2:54
2 - 51% - 40% - 3:03
PP Defense
1 - 69% - 60% - 4:06
2 - 31% - 40% - 1:51
PK Forward
1 - 71% - 60% - 4:14
2 - 29% - 40% - 1:43
PK Defense
1 - 56% - 60% - 3:20
2 - 44% - 40% - 2:37
PK3 Forward
1 - 0% - 60%
2 - 0% - 40%
PK3 Defense
1 - 0% - 60%
2 - 0% - 40%
44 Forward
1 - 0% - 60%
2 - 0% - 40%
44 Defense
1 - 0% - 60%
2 - 0% - 40%
Last Minute Offensive  - 1:11
Last Minute Defensive  - 0:00
Total
Forward - 60:00
Defense - 60:00

Play-by-Play

1st period


0:01 of 1st period - Auston Matthews wins face-off versus Mika Zibanejad in neutral zone.
0:26 of 1st period - Snap shot by Reid Boucher.
0:26 of 1st period - Shot Misses the Net.
0:28 of 1st period - Slapshot by Roman Polak.
0:28 of 1st period - Shot Blocked by Erik Johnson.
0:30 of 1st period - Wrist shot by Mikkel Boedker.
0:30 of 1st period - Shot Misses the Net.
0:32 of 1st period - Snap shot by Tim Schaller.
0:32 of 1st period - Stopped by Ben Bishop without a rebound.
0:33 of 1st period - Ryan Getzlaf wins face-off versus Tim Schaller in Canucks zone.
0:40 of 1st period - Snap shot by James van Riemsdyk.
0:40 of 1st period - Stopped by Tuukka Rask without a rebound.
0:41 of 1st period - Markus Granlund wins face-off versus Ryan Getzlaf in Penguins zone.
0:41 of 1st period - Markus Granlund is hit by Ryan Getzlaf.
1:27 of 1st period - Snap shot by Alex Tuch.
1:27 of 1st period - Shot Blocked by Niklas Kronwall.
1:29 of 1st period - Wrist shot by Oscar Klefbom.
1:29 of 1st period - Stopped by Tuukka Rask with a rebound.
1:31 of 1st period - Slapshot by Charlie McAvoy.
1:31 of 1st period - Shot Misses the Net.
1:33 of 1st period - Slapshot by Oscar Klefbom.
1:33 of 1st period - Shot Misses the Net.
2:05 of 1st period - Wrist shot by Mikael Granlund.
2:05 of 1st period - Shot Blocked by Oscar Klefbom.
2:40 of 1st period - Wrist shot by Mikael Granlund.
2:40 of 1st period - Stopped by Ben Bishop with a rebound.
2:50 of 1st period - Wrist shot by Ryan Getzlaf.
2:50 of 1st period - Stopped by Tuukka Rask without a rebound.
2:51 of 1st period - Mika Zibanejad wins face-off versus Markus Granlund in Penguins zone.
2:59 of 1st period - Off-side.
3:00 of 1st period - Mika Zibanejad wins face-off versus Markus Granlund in neutral zone.
3:08 of 1st period - Wrist shot by Markus Granlund.
3:08 of 1st period - Stopped by Ben Bishop with a rebound.
3:10 of 1st period - Snap shot by Markus Granlund.
3:10 of 1st period - Shot Misses the Net.
3:14 of 1st period - Snap shot by Markus Granlund.
3:14 of 1st period - Stopped by Ben Bishop without a rebound.
3:15 of 1st period - Tim Schaller wins face-off versus Brandon Tanev in Canucks zone.
3:26 of 1st period - Snap shot by Reid Boucher.
3:26 of 1st period - Shot Blocked by Dan Hamhuis.
3:42 of 1st period - Gustav Nyquist is hit by Roman Polak and loses puck.
4:04 of 1st period - Minor Penalty to Darnell Nurse for Slashing.
4:05 of 1st period - Mika Zibanejad wins face-off versus Joel Armia in Canucks zone.
4:21 of 1st period - Snap shot by Joel Armia.
4:21 of 1st period - Deflect By Markus Granlund.
4:21 of 1st period - Stopped by Ben Bishop without a rebound.
4:22 of 1st period - Auston Matthews wins face-off versus Mika Zibanejad in Canucks zone.
5:38 of 1st period - Patric Hornqvist is hit by Ryan Getzlaf and loses puck.
6:01 of 1st period - Blake Wheeler is hit by Adam Lowry and loses puck.
6:04 of 1st period - Penalty to Darnell Nurse is over, Darnell Nurse is back on ice.
7:00 of 1st period - Brent Burns is hit by Eric Gryba and loses puck.
7:27 of 1st period - Charlie McAvoy is hit by Miro Heiskanen and loses puck.
7:40 of 1st period - Adam Lowry is hit by Ryan Getzlaf.
8:02 of 1st period - Snap shot by Reid Boucher.
8:02 of 1st period - Deflect By Mikkel Boedker.
8:02 of 1st period - Shot Misses the Net.
8:02 of 1st period - Puck is out of play.
8:03 of 1st period - Derek Ryan wins face-off versus Tim Schaller in Canucks zone.
8:14 of 1st period - Wrist shot by Matt Calvert.
8:14 of 1st period - Shot Misses the Net.
8:16 of 1st period - Slapshot by Erik Cernak.
8:16 of 1st period - Stopped by Tuukka Rask without a rebound.
8:17 of 1st period - Auston Matthews wins face-off versus Mika Zibanejad in Penguins zone.
8:24 of 1st period - Wrist shot by Auston Matthews.
8:24 of 1st period - Stopped by Ben Bishop with a rebound.
8:32 of 1st period - Snap shot by Auston Matthews.
8:32 of 1st period - Shot Hit the Post.
9:05 of 1st period - Wrist shot by Reid Boucher.
9:05 of 1st period - Shot Misses the Net.
9:23 of 1st period - Slapshot by James van Riemsdyk.
9:23 of 1st period - Stopped by Tuukka Rask with a rebound.
9:25 of 1st period - Minor Penalty to Sam Bennett for Interference.
9:26 of 1st period - Auston Matthews wins face-off versus Mika Zibanejad in Penguins zone.
11:21 of 1st period - Roman Polak is hit by Alex Tuch and loses puck.
11:25 of 1st period - Penalty to Sam Bennett is over, Sam Bennett is back on ice.
12:25 of 1st period - Icing by Dan Hamhuis.
12:26 of 1st period - Alex Killorn wins face-off versus Tim Schaller in Canucks zone.
12:57 of 1st period - Snap shot by Auston Matthews.
12:57 of 1st period - Shot Misses the Net.
13:55 of 1st period - Joel Armia is hit by Derek Ryan and loses puck.
15:21 of 1st period - Slapshot by Blake Wheeler.
15:21 of 1st period - Shot Blocked by Brian Boyle.
15:44 of 1st period - Snap shot by Joel Armia.
15:44 of 1st period - Shot Misses the Net.
15:49 of 1st period - Icing by James van Riemsdyk.
15:50 of 1st period - Auston Matthews wins face-off versus Ryan Getzlaf in Canucks zone.
15:53 of 1st period - Wrist shot by Auston Matthews.
15:53 of 1st period - Shot Misses the Net.
15:55 of 1st period - Snap shot by Mikael Granlund.
15:55 of 1st period - Shot Blocked by Eric Gryba.
16:03 of 1st period - Wrist shot by Mikael Granlund.
16:03 of 1st period - Stopped by Ben Bishop without a rebound.
16:04 of 1st period - Markus Granlund wins face-off versus Alex Killorn in Canucks zone.
16:07 of 1st period - Slapshot by Joel Armia.
16:07 of 1st period - Shot Misses the Net.
16:09 of 1st period - Wrist shot by Markus Granlund.
16:09 of 1st period - Stopped by Ben Bishop with a rebound.
16:11 of 1st period - Snap shot by Joel Armia.
16:11 of 1st period - Shot Misses the Net.
16:13 of 1st period - Wrist shot by Joel Armia.
16:13 of 1st period - Stopped by Ben Bishop without a rebound.
16:14 of 1st period - Mika Zibanejad wins face-off versus Joel Armia in Canucks zone.
16:45 of 1st period - Charlie McAvoy is hit by Adam Lowry and loses puck.
17:08 of 1st period - Snap shot by Markus Granlund.
17:08 of 1st period - Stopped by Ben Bishop with a rebound.
17:18 of 1st period - Slapshot by Markus Granlund.
17:18 of 1st period - Stopped by Ben Bishop without a rebound.
17:19 of 1st period - Mika Zibanejad wins face-off versus Auston Matthews in Canucks zone.
17:19 of 1st period - Mika Zibanejad is hit by Mikael Granlund.
18:31 of 1st period - Wrist shot by Alex Tuch.
18:31 of 1st period - Stopped by Tuukka Rask with a rebound.
18:39 of 1st period - Wrist shot by Derek Ryan.
18:39 of 1st period - Deflect By Jordan Martinook.
18:39 of 1st period - Shot Misses the Net.
18:39 of 1st period - Puck is out of play.
18:40 of 1st period - Mika Zibanejad wins face-off versus Tim Schaller in Penguins zone.
18:51 of 1st period - Snap shot by Mika Zibanejad.
18:51 of 1st period - Shot Blocked by Roman Polak.
18:53 of 1st period - Slapshot by Gustav Nyquist.
18:53 of 1st period - Shot Misses the Net.
18:55 of 1st period - Slapshot by Erik Cernak.
18:55 of 1st period - Shot Blocked by Dmitry Orlov.
18:57 of 1st period - Wrist shot by Mika Zibanejad.
18:57 of 1st period - Stopped by Tuukka Rask with a rebound.
19:18 of 1st period - Wrist shot by Mikkel Boedker.
19:18 of 1st period - Stopped by Ben Bishop with a rebound.
19:20 of 1st period - Slapshot by Roman Polak.
19:20 of 1st period - Deflect By Erik Cernak.
19:20 of 1st period - Stopped by Ben Bishop with a rebound.
19:22 of 1st period - Slapshot by Dmitry Orlov.
19:22 of 1st period - Stopped by Ben Bishop without a rebound.
19:23 of 1st period - Mika Zibanejad wins face-off versus Auston Matthews in Canucks zone.
19:57 of 1st period - Snap shot by James van Riemsdyk.
19:57 of 1st period - Stopped by Tuukka Rask with a rebound.
19:59 of 1st period - Wrist shot by James van Riemsdyk.
19:59 of 1st period - Shot Misses the Net.
Goals for this period are 0 for Canucks vs 0 for Penguins.
Shots for this period are 8 for Canucks vs 14 for Penguins.

2nd period


0:01 of 2nd period - Mika Zibanejad wins face-off versus Auston Matthews in neutral zone.
0:26 of 2nd period - Markus Granlund is hit by Alex Tuch and loses puck.
0:31 of 2nd period - Snap shot by Ryan Getzlaf.
0:31 of 2nd period - Stopped by Tuukka Rask with a rebound.
0:33 of 2nd period - Wrist shot by James van Riemsdyk.
0:33 of 2nd period - Shot Misses the Net.
1:13 of 2nd period - Slapshot by Auston Matthews.
1:13 of 2nd period - Shot Misses the Net.
1:15 of 2nd period - Wrist shot by Marcus Foligno.
1:15 of 2nd period - Shot Misses the Net.
1:27 of 2nd period - Snap shot by Blake Wheeler.
1:27 of 2nd period - Shot Misses the Net.
1:29 of 2nd period - Slapshot by Blake Wheeler.
1:29 of 2nd period - Stopped by Tuukka Rask with a rebound.
1:57 of 2nd period - Wrist shot by Markus Granlund.
1:57 of 2nd period - Deflect By Adam Lowry.
1:57 of 2nd period - Stopped by Ben Bishop with a rebound.
2:07 of 2nd period - Mikkel Boedker is hit by Brandon Sutter and loses puck.
3:01 of 2nd period - Eric Gryba is hit by Tim Schaller and loses puck.
3:38 of 2nd period - Snap shot by Mikael Granlund.
3:38 of 2nd period - Stopped by Ben Bishop with a rebound.
3:40 of 2nd period - Snap shot by Mikael Granlund.
3:40 of 2nd period - Shot Misses the Net.
3:50 of 2nd period - Gustav Nyquist is hit by Dmitry Orlov.
4:12 of 2nd period - Wrist shot by James van Riemsdyk.
4:12 of 2nd period - Shot Misses the Net.
4:14 of 2nd period - Slapshot by Charlie McAvoy.
4:14 of 2nd period - Shot Blocked by Tyler Myers.
4:18 of 2nd period - Snap shot by Alex Tuch.
4:18 of 2nd period - Deflect By James van Riemsdyk.
4:18 of 2nd period - Shot Misses the Net.
4:18 of 2nd period - Puck is out of play.
4:19 of 2nd period - Auston Matthews wins face-off versus Mika Zibanejad in Penguins zone.
5:04 of 2nd period - Snap shot by Brandon Sutter.
5:04 of 2nd period - Stopped by Tuukka Rask with a rebound.
5:06 of 2nd period - Wrist shot by Alex Killorn.
5:06 of 2nd period - Goal by Alex Killorn - Canucks : 1 - Penguins : 0.
5:07 of 2nd period - Auston Matthews wins face-off versus Gustav Nyquist in neutral zone.
5:38 of 2nd period - Snap shot by Adam Lowry.
5:38 of 2nd period - Deflect By Joel Armia.
5:38 of 2nd period - Shot Blocked by James van Riemsdyk.
5:38 of 2nd period - Puck is out of play.
5:39 of 2nd period - Alex Killorn wins face-off versus Markus Granlund in Canucks zone.
5:44 of 2nd period - Dmitry Orlov is hit by Erik Cernak and loses puck.
6:10 of 2nd period - Snap shot by Blake Wheeler.
6:10 of 2nd period - Shot Misses the Net.
6:47 of 2nd period - Minor Penalty to Matt Calvert for Slashing.
6:48 of 2nd period - Mika Zibanejad wins face-off versus Auston Matthews in Canucks zone.
7:20 of 2nd period - Mika Zibanejad is hit by Adam Lowry.
8:35 of 2nd period - Joel Armia is hit by Gustav Nyquist and loses puck.
8:47 of 2nd period - Penalty to Matt Calvert is over, Matt Calvert is back on ice.
8:54 of 2nd period - Snap shot by Brandon Tanev.
8:54 of 2nd period - Stopped by Tuukka Rask with a rebound.
8:56 of 2nd period - Snap shot by Alex Killorn.
8:56 of 2nd period - Deflect By Brandon Tanev.
8:56 of 2nd period - Stopped by Tuukka Rask with a rebound.
8:58 of 2nd period - Slapshot by Charlie McAvoy.
8:58 of 2nd period - Shot Blocked by Tim Schaller.
9:00 of 2nd period - Slapshot by Brandon Tanev.
9:00 of 2nd period - Stopped by Tuukka Rask with a rebound.
9:02 of 2nd period - Slapshot by Oscar Klefbom.
9:02 of 2nd period - Shot Misses the Net.
9:04 of 2nd period - Slapshot by Brandon Tanev.
9:04 of 2nd period - Shot Blocked by Reid Boucher.
9:15 of 2nd period - Off-side.
9:16 of 2nd period - Derek Ryan wins face-off versus Sam Bennett in neutral zone.
9:24 of 2nd period - Slapshot by Derek Ryan.
9:24 of 2nd period - Shot Misses the Net.
9:26 of 2nd period - Slapshot by Erik Cernak.
9:26 of 2nd period - Shot Blocked by Dmitry Orlov.
9:28 of 2nd period - Slapshot by Dan Hamhuis.
9:28 of 2nd period - Shot Misses the Net.
9:30 of 2nd period - Backhand shot by Jordan Martinook.
9:30 of 2nd period - Shot Hit the Post.
9:32 of 2nd period - Snap shot by Jordan Martinook.
9:32 of 2nd period - Shot Misses the Net.
9:34 of 2nd period - Wrist shot by Jordan Martinook.
9:34 of 2nd period - Stopped by Tuukka Rask without a rebound.
9:35 of 2nd period - Mika Zibanejad wins face-off versus Markus Granlund in Penguins zone.
9:40 of 2nd period - Snap shot by Blake Wheeler.
9:40 of 2nd period - Stopped by Tuukka Rask without a rebound.
9:41 of 2nd period - Mika Zibanejad wins face-off versus Markus Granlund in Penguins zone.
9:45 of 2nd period - Minor Penalty to Markus Granlund for Hooking.
9:46 of 2nd period - Auston Matthews wins face-off versus Mika Zibanejad in Penguins zone.
11:10 of 2nd period - Darnell Nurse is hit by Roman Polak and loses puck.
11:45 of 2nd period - Penalty to Markus Granlund is over, Markus Granlund is back on ice.
11:45 of 2nd period - Brent Burns is hit by Brandon Tanev and loses puck.
11:59 of 2nd period - Minor Penalty to Erik Cernak for Hooking.
12:00 of 2nd period - Markus Granlund wins face-off versus Mika Zibanejad in Canucks zone.
12:02 of 2nd period - Snap shot by Markus Granlund.
12:02 of 2nd period - Stopped by Ben Bishop with a rebound.
13:48 of 2nd period - Brent Burns is hit by Darnell Nurse and loses puck.
13:59 of 2nd period - Penalty to Erik Cernak is over, Erik Cernak is back on ice.
14:40 of 2nd period - Niklas Kronwall is hit by Ryan Getzlaf and loses puck.
15:05 of 2nd period - Markus Granlund is hit by Brandon Tanev and loses puck.
15:11 of 2nd period - Icing by Niklas Kronwall.
15:12 of 2nd period - Markus Granlund wins face-off versus Mika Zibanejad in Penguins zone.
15:25 of 2nd period - Wrist shot by James van Riemsdyk.
15:25 of 2nd period - Stopped by Tuukka Rask with a rebound.
15:27 of 2nd period - Slapshot by Oscar Klefbom.
15:27 of 2nd period - Stopped by Tuukka Rask without a rebound.
15:28 of 2nd period - Tim Schaller wins face-off versus Ryan Getzlaf in Penguins zone.
15:37 of 2nd period - Snap shot by Mikkel Boedker.
15:37 of 2nd period - Stopped by Ben Bishop with a rebound.
16:39 of 2nd period - Snap shot by Brandon Sutter.
16:39 of 2nd period - Deflect By Alex Killorn.
16:39 of 2nd period - Stopped by Tuukka Rask without a rebound.
16:40 of 2nd period - Mika Zibanejad wins face-off versus Auston Matthews in Penguins zone.
16:41 of 2nd period - Snap shot by Blake Wheeler.
16:41 of 2nd period - Stopped by Tuukka Rask without a rebound.
16:42 of 2nd period - Auston Matthews wins face-off versus Mika Zibanejad in Penguins zone.
16:57 of 2nd period - Snap shot by Mikael Granlund.
16:57 of 2nd period - Stopped by Ben Bishop with a rebound.
17:16 of 2nd period - Alex Tuch is hit by Roman Polak and loses puck.
19:07 of 2nd period - Icing by Gustav Nyquist.
19:08 of 2nd period - Marcus Foligno wins face-off versus Mika Zibanejad in Canucks zone.
19:09 of 2nd period - Backhand shot by Auston Matthews.
19:09 of 2nd period - Stopped by Ben Bishop without a rebound.
19:10 of 2nd period - Gustav Nyquist wins face-off versus Sam Bennett in Canucks zone.
19:10 of 2nd period - Gustav Nyquist is hit by Niklas Kronwall.
19:44 of 2nd period - Snap shot by Mikkel Boedker.
19:44 of 2nd period - Shot Misses the Net.
Goals for this period are 1 for Canucks vs 0 for Penguins.
Shots for this period are 13 for Canucks vs 6 for Penguins.

3rd period


0:01 of 3rd period - Mika Zibanejad wins face-off versus Auston Matthews in neutral zone.
0:10 of 3rd period - Slapshot by Gustav Nyquist.
0:10 of 3rd period - Stopped by Tuukka Rask without a rebound.
0:11 of 3rd period - Auston Matthews wins face-off versus Mika Zibanejad in Penguins zone.
0:19 of 3rd period - Icing by Brent Burns.
0:20 of 3rd period - Mikael Granlund wins face-off versus Mika Zibanejad in Penguins zone.
0:29 of 3rd period - Wrist shot by Auston Matthews.
0:29 of 3rd period - Goal by Auston Matthews - Canucks : 1 - Penguins : 1.
0:30 of 3rd period - Auston Matthews wins face-off versus Mika Zibanejad in neutral zone.
0:33 of 3rd period - Slapshot by Brent Burns.
0:33 of 3rd period - Stopped by Ben Bishop without a rebound.
0:34 of 3rd period - Patric Hornqvist wins face-off versus Mika Zibanejad in Canucks zone.
0:45 of 3rd period - Wrist shot by Mika Zibanejad.
0:45 of 3rd period - Stopped by Tuukka Rask with a rebound.
0:47 of 3rd period - Slapshot by Erik Johnson.
0:47 of 3rd period - Deflect By Gustav Nyquist.
0:47 of 3rd period - Shot Misses the Net.
0:47 of 3rd period - Puck is out of play.
0:48 of 3rd period - Mika Zibanejad wins face-off versus Auston Matthews in Penguins zone.
0:55 of 3rd period - Wrist shot by Blake Wheeler.
0:55 of 3rd period - Stopped by Tuukka Rask with a rebound.
0:57 of 3rd period - Slapshot by Darnell Nurse.
0:57 of 3rd period - Stopped by Tuukka Rask with a rebound.
1:03 of 3rd period - Snap shot by Mika Zibanejad.
1:03 of 3rd period - Goal by Mika Zibanejad - Canucks : 2 - Penguins : 1.
1:04 of 3rd period - Auston Matthews wins face-off versus Mika Zibanejad in neutral zone.
1:06 of 3rd period - Brent Burns is hit by Blake Wheeler and loses puck.
1:09 of 3rd period - Snap shot by Brian Boyle.
1:09 of 3rd period - Shot Misses the Net.
1:11 of 3rd period - Backhand shot by Brian Boyle.
1:11 of 3rd period - Stopped by Ben Bishop with a rebound.
1:13 of 3rd period - Slapshot by Brian Boyle.
1:13 of 3rd period - Shot Misses the Net.
1:15 of 3rd period - Slapshot by Brent Burns.
1:15 of 3rd period - Stopped by Ben Bishop with a rebound.
1:17 of 3rd period - Snap shot by Mikael Granlund.
1:17 of 3rd period - Goal by Mikael Granlund - Canucks : 2 - Penguins : 2.
1:18 of 3rd period - Auston Matthews wins face-off versus Mika Zibanejad in neutral zone.
1:23 of 3rd period - Snap shot by Auston Matthews.
1:23 of 3rd period - Shot Blocked by Darnell Nurse.
1:25 of 3rd period - Wrist shot by Auston Matthews.
1:25 of 3rd period - Shot Misses the Net.
1:27 of 3rd period - Backhand shot by Brian Boyle.
1:27 of 3rd period - Stopped by Ben Bishop without a rebound.
1:28 of 3rd period - Auston Matthews wins face-off versus Mika Zibanejad in Canucks zone.
1:51 of 3rd period - Slapshot by Brent Burns.
1:51 of 3rd period - Shot Misses the Net.
1:53 of 3rd period - Snap shot by Patric Hornqvist.
1:53 of 3rd period - Shot Misses the Net.
2:11 of 3rd period - Wrist shot by Gustav Nyquist.
2:11 of 3rd period - Stopped by Tuukka Rask with a rebound.
2:37 of 3rd period - Gustav Nyquist is hit by Mikael Granlund.
2:59 of 3rd period - Brian Boyle is hit by Darnell Nurse and loses puck.
3:12 of 3rd period - Backhand shot by Auston Matthews.
3:12 of 3rd period - Shot Hit the Post.
3:14 of 3rd period - Snap shot by Patric Hornqvist.
3:14 of 3rd period - Stopped by Ben Bishop with a rebound.
3:16 of 3rd period - Wrist shot by Patric Hornqvist.
3:16 of 3rd period - Stopped by Ben Bishop without a rebound.
3:17 of 3rd period - Ryan Getzlaf wins face-off versus Markus Granlund in Canucks zone.
3:17 of 3rd period - Ryan Getzlaf is hit by Roman Polak.
3:25 of 3rd period - Snap shot by Oscar Klefbom.
3:25 of 3rd period - Shot Misses the Net.
3:47 of 3rd period - Dmitry Orlov is hit by Brandon Tanev and loses puck.
4:05 of 3rd period - Slapshot by Oscar Klefbom.
4:05 of 3rd period - Deflect By Jordan Martinook.
4:05 of 3rd period - Shot Misses the Net.
4:05 of 3rd period - Puck is out of play.
4:06 of 3rd period - Derek Ryan wins face-off versus Markus Granlund in Penguins zone.
4:07 of 3rd period - Snap shot by Matt Calvert.
4:07 of 3rd period - Shot Misses the Net.
4:09 of 3rd period - Snap shot by Jordan Martinook.
4:09 of 3rd period - Shot Misses the Net.
4:11 of 3rd period - Wrist shot by Erik Cernak.
4:11 of 3rd period - Stopped by Tuukka Rask with a rebound.
4:13 of 3rd period - Wrist shot by Jordan Martinook.
4:13 of 3rd period - Stopped by Tuukka Rask without a rebound.
4:14 of 3rd period - Ryan Getzlaf wins face-off versus Tim Schaller in Penguins zone.
4:19 of 3rd period - Wrist shot by Alex Tuch.
4:19 of 3rd period - Shot Misses the Net.
4:59 of 3rd period - Snap shot by Auston Matthews.
4:59 of 3rd period - Shot Blocked by Alex Killorn.
5:11 of 3rd period - Wrist shot by Jordan Martinook.
5:11 of 3rd period - Stopped by Tuukka Rask with a rebound.
5:20 of 3rd period - Minor Penalty to Brent Burns for Holding.
5:21 of 3rd period - Auston Matthews wins face-off versus Mika Zibanejad in Penguins zone.
5:54 of 3rd period - Off-side.
5:55 of 3rd period - Ryan Getzlaf wins face-off versus Patric Hornqvist in neutral zone.
6:00 of 3rd period - Wrist shot by Ryan Getzlaf.
6:00 of 3rd period - Shot Misses the Net.
6:02 of 3rd period - Slapshot by James van Riemsdyk.
6:02 of 3rd period - Shot Misses the Net.
6:06 of 3rd period - Snap shot by Ryan Getzlaf.
6:06 of 3rd period - Deflect By James van Riemsdyk.
6:06 of 3rd period - Shot Misses the Net.
6:06 of 3rd period - Puck is out of play.
6:07 of 3rd period - Mika Zibanejad wins face-off versus Auston Matthews in Penguins zone.
6:24 of 3rd period - Slapshot by Auston Matthews.
6:24 of 3rd period - Shot Blocked by Darnell Nurse.
6:44 of 3rd period - Wrist shot by Ryan Getzlaf.
6:44 of 3rd period - Shot Blocked by Brian Boyle.
6:46 of 3rd period - Wrist shot by Ryan Getzlaf.
6:46 of 3rd period - Shot Misses the Net.
6:56 of 3rd period - Mikael Granlund is hit by Mika Zibanejad and loses puck.
7:20 of 3rd period - Penalty to Brent Burns is over, Brent Burns is back on ice.
8:01 of 3rd period - Roman Polak is hit by Gustav Nyquist and loses puck.
8:06 of 3rd period - Snap shot by Mika Zibanejad.
8:06 of 3rd period - Deflect By Markus Granlund.
8:06 of 3rd period - Shot Misses the Net.
8:06 of 3rd period - Puck is out of play.
8:07 of 3rd period - Ryan Getzlaf wins face-off versus Tim Schaller in Penguins zone.
8:34 of 3rd period - Darnell Nurse is hit by Tyler Myers and loses puck.
9:15 of 3rd period - Snap shot by Ryan Getzlaf.
9:15 of 3rd period - Shot Blocked by Brent Burns.
9:31 of 3rd period - Brandon Tanev is hit by Mikael Granlund and loses puck.
10:48 of 3rd period - Snap shot by Brandon Sutter.
10:48 of 3rd period - Deflect By Ryan Getzlaf.
10:48 of 3rd period - Shot Misses the Net.
10:48 of 3rd period - Puck is out of play.
10:49 of 3rd period - Ryan Getzlaf wins face-off versus Markus Granlund in Penguins zone.
11:50 of 3rd period - Off-side.
11:51 of 3rd period - Blake Wheeler wins face-off versus Sam Bennett in neutral zone.
11:54 of 3rd period - Snap shot by Blake Wheeler.
11:54 of 3rd period - Shot Misses the Net.
11:56 of 3rd period - Snap shot by Mika Zibanejad.
11:56 of 3rd period - Stopped by Tuukka Rask without a rebound.
11:57 of 3rd period - Sam Bennett wins face-off versus Mika Zibanejad in Penguins zone.
11:57 of 3rd period - Sam Bennett is hit by Blake Wheeler.
12:31 of 3rd period - Snap shot by Joel Armia.
12:31 of 3rd period - Shot Misses the Net.
12:36 of 3rd period - Erik Johnson is hit by Tim Schaller.
12:46 of 3rd period - Oscar Klefbom is hit by Mikael Granlund and loses puck.
13:13 of 3rd period - Snap shot by Jordan Martinook.
13:13 of 3rd period - Stopped by Tuukka Rask with a rebound.
13:25 of 3rd period - Snap shot by Markus Granlund.
13:25 of 3rd period - Stopped by Ben Bishop without a rebound.
13:26 of 3rd period - Mika Zibanejad wins face-off versus Markus Granlund in Canucks zone.
13:37 of 3rd period - Wrist shot by Mika Zibanejad.
13:37 of 3rd period - Stopped by Tuukka Rask with a rebound.
13:39 of 3rd period - Snap shot by Blake Wheeler.
13:39 of 3rd period - Stopped by Tuukka Rask without a rebound.
13:40 of 3rd period - Mika Zibanejad wins face-off versus Auston Matthews in Penguins zone.
14:07 of 3rd period - James van Riemsdyk is hit by Adam Lowry and loses puck.
14:18 of 3rd period - Wrist shot by Markus Granlund.
14:18 of 3rd period - Stopped by Ben Bishop without a rebound.
14:19 of 3rd period - Mika Zibanejad wins face-off versus Auston Matthews in Canucks zone.
14:24 of 3rd period - Wrist shot by Mika Zibanejad.
14:24 of 3rd period - Stopped by Tuukka Rask with a rebound.
14:43 of 3rd period - Adam Lowry is hit by Ryan Getzlaf and loses puck.
15:30 of 3rd period - Wrist shot by Blake Wheeler.
15:30 of 3rd period - Shot Blocked by Niklas Kronwall.
15:32 of 3rd period - Snap shot by Blake Wheeler.
15:32 of 3rd period - Stopped by Tuukka Rask with a rebound.
15:46 of 3rd period - Slapshot by Derek Ryan.
15:46 of 3rd period - Stopped by Tuukka Rask with a rebound.
15:48 of 3rd period - Wrist shot by Derek Ryan.
15:48 of 3rd period - Goal by Derek Ryan - Canucks : 3 - Penguins : 2.
15:49 of 3rd period - Alex Killorn wins face-off versus Auston Matthews in neutral zone.
16:34 of 3rd period - Off-side.
16:35 of 3rd period - Ryan Getzlaf wins face-off versus Reid Boucher in neutral zone.
16:45 of 3rd period - Off-side.
16:46 of 3rd period - Alex Killorn wins face-off versus Auston Matthews in neutral zone.
16:49 of 3rd period - Slapshot by Patric Hornqvist.
16:49 of 3rd period - Shot Blocked by Brandon Sutter.
16:57 of 3rd period - Wrist shot by Alex Killorn.
16:57 of 3rd period - Shot Misses the Net.
16:59 of 3rd period - Snap shot by Charlie McAvoy.
16:59 of 3rd period - Shot Misses the Net.
17:31 of 3rd period - Snap shot by Ryan Getzlaf.
17:31 of 3rd period - Shot Misses the Net.
19:06 of 3rd period - Penguins, Tuukka Rask is pulled from the net.
19:06 of 3rd period - Snap shot by Patric Hornqvist.
19:06 of 3rd period - Stopped by Ben Bishop without a rebound.
19:07 of 3rd period - Todd McLellan call a timeout for Penguins.
19:07 of 3rd period - Auston Matthews wins face-off versus Mika Zibanejad in Canucks zone.
Goals for this period are 2 for Canucks vs 2 for Penguins.
Shots for this period are 17 for Canucks vs 11 for Penguins.